Map: Ever Dream LE

Players

MaSa - Winner!

  • Race: Terran Terran
  • League: Master
  • Spawn Location: 1:00

Robbie (Rob)

  • Race: Protoss Protoss
  • League: Grandmaster
  • Spawn Location: 7:00

Event: DreamHack SC2 Masters 2020 Fall

VOD

Have the link to the VOD?

Description

Time

  • Played on: Sept. 5, 2020, 6:40 p.m.
  • Length: 14:16

All games in this series

Show
View Real Time Build Order
Export as new Build Order

MaSa Terran - Winner!

Build Orders: Reaper Expand 

Get SALT Encoding   

  12  0:00  SCV  
  13  0:12  SCV  
  14  0:17  Supply Depot  
  14  0:24  SCV  
  15  0:38  SCV  
  15  0:40  Barracks  
  16  0:44  Refinery  
  16  0:50  SCV  
  17  1:02  SCV  
  18  1:15  SCV  
  19  1:27  Orbital Command, Reaper  
  20  1:41  Command Center  
  20  1:47  Bunker  
  20  1:54  SCV  
  21  1:59  Marine  
  22  2:04  Supply Depot  
  22  2:08  SCV  
  23  2:20  Factory  
  23  2:23  Refinery, Barracks Reactor  
  23  2:26  SCV  
  24  2:34  Bunker  
  24  2:42  SCV  
  25  3:00  SCV  
  26  3:07  Orbital Command, Starport  
  26  3:12  SCV  
  27  3:15  Hellion x2  
  31  3:21  Barracks Tech Lab  
  31  3:24  SCV  
  31  3:32  SCV, Supply Depot  
  32  3:36  Hellion x2, SCV  
  32  3:41  Marine  
  38  3:43  Medivac  
  38  3:45  SCV  
  41  3:48  Stimpack  
  41  3:49  SCV  
  42  3:57  SCV  
  42  3:58  Widow Mine x2  
  47  4:03  Supply Depot  
  47  4:08  SCV  
  48  4:12  Marine  
  48  4:14  Armory  
  48  4:16  SCV  
  50  4:19  Widow Mine, Refinery  
  50  4:22  Widow Mine  
  54  4:24  SCV  
  54  4:30  SCV, Supply Depot, Marine  
  57  4:32  Medivac  
  59  4:41  SCV  
  60  4:47  Widow Mine  
  60  4:49  Widow Mine  
  60  4:52  SCV  
  63  4:54  Supply Depot, Marine  
  64  5:01  SCV  
  64  5:02  Barracks  
  64  5:03  Medivac  
  64  5:05  Barracks  
  67  5:08  SCV  
  67  5:13  SCV  
  69  5:18  Widow Mine x2, Supply Depot  
  69  5:19  Marine  
  69  5:20  SCV  
  75  5:25  SCV  
  75  5:26  Engineering Bay  
  76  5:33  SCV  
  77  5:36  Marine  
  77  5:40  Widow Mine x2  
  80  5:48  SCV  
  80  5:49  Viking  
  81  5:54  Marine x3  
  81  5:56  SCV  
  78  6:04  Widow Mine x2  
  77  6:11  SCV  
  77  6:12  Marine x2  
  77  6:15  Marine  
  78  6:21  Viking  
  78  6:23  Terran Infantry Weapons Level 1  
  78  6:25  Widow Mine x2  
  81  6:28  SCV  
  81  6:30  Marine x2  
  82  6:34  SCV  
  82  6:40  Marine  
  82  6:46  Widow Mine x2  
  81  6:48  Marine  
  81  6:49  SCV  
  83  6:55  Viking, Marine  
  83  6:58  Marine  
  84  7:05  SCV, Marine  
  83  7:08  Widow Mine x2  
  83  7:13  Marine  
  83  7:14  SCV  
  79  7:16  Marine  
  79  7:17  SCV  
  80  7:23  Marine  
  80  7:26  SCV  
  80  7:30  SCV  
  80  7:31  Marine  
  80  7:34  Marine  
  79  7:38  SCV  
  79  7:41  Marine  
  79  7:42  SCV  
  79  7:44  Combat Shield, Command Center  
  81  7:50  SCV  
  81  7:51  Missile Turret  
  83  7:52  Marine  
  83  7:54  Medivac, SCV  
  86  8:07  Supply Depot  
  86  8:08  Supply Depot  
  86  8:09  Refinery, Supply Depot  
  86  8:10  Barracks Reactor  
  86  8:14  Factory Reactor  
  86  8:23  Terran Infantry Armor Level 1  
  86  8:25  Supply Depot  
  86  8:29  Medivac, SCV x2, Marine x3  
  86  8:31  Supply Depot  
  93  8:38  Barracks  
  93  8:40  Barracks  
  93  8:41  SCV x2  
  93  8:44  Engineering Bay  
  93  8:46  Supply Depot  
  91  8:53  Marine x5  
  92  8:57  SCV x2  
  92  8:58  Orbital Command  
  94  9:03  Barracks  
  94  9:09  SCV  
  93  9:11  Factory Reactor  
  87  9:17  SCV  
  87  9:19  Marine  
  87  9:20  Marine x3  
  87  9:24  SCV  
  93  9:28  Barracks Tech Lab x2, SCV  
  94  9:33  SCV  
  94  9:36  Marine  
  94  9:37  SCV, Marine x2  
  97  9:39  Medivac x2  
  97  9:45  SCV  
  99  9:48  Marine  
  99  9:49  Marauder x2  
  99  9:50  SCV  
  99  9:51  Concussive Shells  
  99  9:52  Widow Mine x2  
  102  9:57  Marine x2  
  102  9:58  Barracks Reactor  
  104  10:03  Terran Infantry Weapons Level 2  
  104  10:09  Orbital Command  
  104  10:16  SCV x2  
  104  10:17  Marine x3  
  104  10:18  Refinery  
  104  10:19  Supply Depot  
  104  10:20  Widow Mine  
  111  10:27  Marauder x3  
  111  10:28  SCV  
  118  10:31  Medivac  
  118  10:32  Medivac  
  118  10:34  SCV  
  123  10:39  Terran Infantry Armor Level 2  
  123  10:42  Widow Mine, Marine  
  126  10:43  Marine  
  126  10:46  SCV x2  
  126  10:48  SCV  
  126  10:49  Marauder  
  132  10:59  Command Center  
  132  11:01  Marauder, Marine  
  132  11:02  SCV, Marauder  
  138  11:09  Marine  
  138  11:10  Marauder  
  140  11:13  SCV  
  140  11:16  Marine  
  140  11:19  Medivac  
  140  11:23  Marauder x2  
  146  11:27  Supply Depot  
  146  11:31  Marauder  
  147  11:35  Medivac, Marine  
  147  11:36  Marine x2  
  147  11:38  SCV x2  
  152  11:44  Marauder x2  
  150  11:48  Marine x3  
  150  11:49  Medivac  
  150  11:53  Marauder  
  155  12:01  Marine  
  145  12:02  SCV, Marine x2  
  145  12:05  Medivac  
  145  12:06  Marauder x2  
  145  12:07  Refinery  
  137  12:08  Bunker  
  137  12:12  Marine x3  
  137  12:14  Marauder, Widow Mine x2  
  137  12:15  Barracks  
  146  12:26  Supply Depot  
  146  12:27  Marauder x2, Marine x2  
  146  12:28  Medivac  
  150  12:35  Medivac, Marauder  
  149  12:39  Marine x3  
  149  12:43  SCV x2  
  149  12:44  SCV  
  151  12:48  Marauder  
  151  12:49  Marauder  
  151  12:50  Ghost Academy  
  151  12:51  Widow Mine  
  151  12:52  Widow Mine  
  151  12:53  Marine x2  
  151  12:55  Barracks, Marine  
  151  12:56  Barracks, Marine  
  151  12:57  Medivac, Marauder  
  151  12:58  Planetary Fortress  
  163  13:05  Medivac  
  165  13:10  Marauder  
  167  13:13  Widow Mine x2  
  167  13:14  Marauder, Marine x4  
  167  13:15  Barracks Tech Lab  
  167  13:19  Marine  
  175  13:20  Marauder  
  175  13:27  Marine  
  175  13:28  Medivac  
  175  13:31  Marauder  
  175  13:32  Marine x4  
  184  13:35  Widow Mine x2  
  184  13:41  Medivac  
  188  13:43  Marauder  
  188  13:57  Command Center, Marine  
  188  14:00  Command Center  
  188  14:08  Barracks Tech Lab x2  
  188  14:10  Supply Depot  
Show
View Real Time Build Order
Export as new Build Order

Robbie Protoss 

Build Orders: 1 Gate Expand 

Get SALT Encoding   

  12  0:01  Probe  
  13  0:13  Probe  
  14  0:22  Pylon  
  14  0:25  Probe  
  15  0:40  Gateway, Probe (Chrono Boost)  
  16  0:49  Probe (Chrono Boost)  
  17  0:52  Assimilator  
  17  0:54  Probe  
  18  1:06  Probe  
  19  1:18  Probe  
  20  1:25  Nexus  
  20  1:37  Cybernetics Core  
  20  1:40  Probe  
  20  1:44  Assimilator  
  21  1:52  Probe  
  22  1:57  Pylon  
  22  2:04  Probe  
  23  2:09  Unknown  
  23  2:10  Unknown  
  23  2:11  Unknown  
  23  2:13  Warp Gate  
  23  2:14  Adept (Chrono Boost)  
  22  2:16  Probe  
  25  2:28  Probe  
  26  2:32  Shield Battery  
  26  2:34  Stalker (Chrono Boost)  
  28  2:40  Probe  
  28  2:43  Probe  
  29  2:50  Stargate  
  29  2:52  Probe  
  29  2:55  Probe  
  31  3:02  Stalker  
  33  3:05  Probe  
  33  3:07  Probe  
  35  3:18  Probe  
  35  3:19  Probe  
  37  3:30  Probe  
  37  3:31  Probe  
  37  3:32  Void Ray (Chrono Boost)  
  37  3:33  Gateway  
  39  3:34  Gateway  
  43  3:43  Probe  
  43  3:45  Probe  
  45  3:55  Probe  
  46  4:01  Pylon  
  46  4:04  Robotics Facility  
  46  4:07  Probe  
  45  4:11  Probe  
  45  4:16  Void Ray (Chrono Boost)  
  46  4:17  Pylon  
  46  4:19  Shield Battery  
  46  4:21  Probe  
  46  4:22  Assimilator  
  51  4:25  Assimilator  
  51  4:26  Probe  
  52  4:33  Forge  
  52  4:35  Probe  
  52  4:38  Probe  
  54  4:40  Void Ray (Chrono Boost), Stalker  
  60  4:47  Probe  
  61  4:53  Probe  
  61  4:56  Pylon  
  62  5:04  Pylon  
  62  5:05  Pylon  
  62  5:08  Observer  
  62  5:14  Probe  
  62  5:16  Void Ray  
  63  5:28  Nexus  
  67  5:30  Shield Battery, Probe x2  
  69  5:35  Stalker  
  69  5:42  Stalker  
  71  5:46  Probe  
  71  5:47  Probe  
  65  5:51  Void Ray (Chrono Boost)  
  65  5:58  Probe  
  65  5:59  Probe  
  71  6:07  Stalker x2  
  75  6:12  Stalker  
  75  6:15  Probe x2  
  74  6:19  Observer (Chrono Boost)  
  73  6:29  Probe x2  
  75  6:41  Probe x2  
  75  6:43  Probe  
  76  6:49  Stalker x3  
  76  6:53  Probe  
  83  7:00  Probe  
  77  7:05  Probe  
  70  7:11  Probe  
  70  7:15  Stalker  
  64  7:18  Probe  
  64  7:20  Void Ray (Chrono Boost)  
  64  7:21  Probe  
  64  7:22  Stalker x2  
  57  7:23  Probe  
  62  7:30  Probe  
  62  7:33  Probe  
  62  7:36  Probe  
  59  7:42  Probe  
  56  7:44  Stalker  
  56  7:45  Probe  
  56  7:48  Probe  
  60  7:54  Stalker, Probe  
  60  7:55  Stalker  
  65  8:00  Probe x2  
  65  8:02  Twilight Council  
  67  8:06  Probe  
  67  8:10  Gateway  
  67  8:12  Probe  
  69  8:13  Gateway  
  69  8:15  Gateway, Probe  
  69  8:18  Probe  
  71  8:20  Protoss Ground Weapons Level 1 (Chrono Boost)  
  71  8:24  Stalker x2  
  75  8:30  Probe x3  
  78  8:39  Stalker  
  80  8:42  Probe  
  80  8:45  Charge (Chrono Boost)  
  81  8:49  Stalker x2  
  85  9:11  Stalker x4  
  85  9:14  Shield Battery  
  85  9:15  Stalker  
  85  9:16  Shield Battery, Stalker  
  95  9:17  Probe x3  
  77  9:40  Zealot x2  
  77  9:41  Zealot x2, Stalker x2  
  85  9:47  Probe x3  
  88  9:55  Photon Cannon  
  88  9:59  Probe x2, Photon Cannon  
  91  10:00  Probe  
  91  10:05  Blink (Chrono Boost)  
  91  10:08  Stalker x4  
  91  10:10  Stalker  
  91  10:13  Pylon  
  101  10:14  Pylon  
  101  10:16  Pylon  
  101  10:25  Assimilator  
  101  10:29  Assimilator  
  101  10:32  Protoss Ground Weapons Level 2 (Chrono Boost), Stalker  
  103  10:40  Zealot x3  
  103  10:42  Probe  
  107  10:43  Observer (Chrono Boost)  
  107  10:48  Probe  
  107  10:49  Photon Cannon  
  109  10:53  Probe  
  109  10:54  Probe  
  111  11:01  Probe  
  110  11:06  Zealot x4  
  110  11:09  Stalker  
  112  11:12  Probe  
  112  11:13  Probe  
  106  11:23  Stalker  
  106  11:25  Probe x3  
  108  11:35  Stalker  
  108  11:36  Stalker  
  108  11:38  Probe x3  
  113  11:48  Zealot  
  113  11:49  Zealot x2  
  100  12:11  Observer (Chrono Boost)  
  100  12:13  Zealot x2  
  100  12:14  Zealot x2  
  109  12:15  Zealot  
  109  12:19  Stalker  
  91  12:37  Robotics Bay  
  91  12:39  Probe  
  91  12:40  Probe x2  
  91  12:44  Zealot x3  
  90  12:52  Probe  
  90  12:53  Zealot x3, Probe  
  98  13:01  Templar Archives  
  98  13:05  Probe  
  93  13:23  Zealot x6  
  103  13:35  Pylon  
  94  13:47  Pylon  
  90  13:56  Stalker x3  

Tags
 
Add a new tag
Caveats
  • Supply blocks, unpowered buildings, or Contaminate may cause inaccurate times.
  • Supply counts are checked every 10 seconds.